cohdb
Replays
Latest Replays
All Replays
Popular Replays
Top Player Replays
Match Explorer
How It Works
Community
CoH3 Stats
Reddit
Sign in to upload your games and track your stats! →
Sign in with Steam
Match 37894678
Unlisted
Match 37894678
Overview
Messages
Build Orders
End
Construct Section Command Post
Vickers Machine Gun Team
Infantry Section
Selects Indian Artillery Battlegroup
Infantry Section
Infantry Section
Construct Platoon Command Post
Selects Valour
Humber Armored Car
6-pounder Anti-tank Gun Team
Grenade Package
Selects Gurkha Rifles Section
Infantry Training
Humber Armored Car
Selects Pillage
LuiSBa
Hessenwolf
weekband
Bengasi
0
0
Comments
sign in to comment!
No comments posted yet!